 Dungeon Crawl Stone Soup version 0.27.1-1-g398f81649c (webtiles) character file.

Game seed: 9970052133915921397

61 chaosape the Sneak (level 4, -20/38 HPs)
             Began as a Gnoll Wanderer on Sept 6, 2021.
             Demolished by an ogre (28 damage)
             ... on level 2 of the Dungeon.
             The game lasted 00:06:22 (1748 turns).

chaosape the Sneak (Gnoll Wanderer)                 Turns: 1748, Time: 00:06:22

Health: -20/38     AC: 10    Str:  9    XL:     4   Next: 7%
Magic:  5/5        EV:  4    Int: 12    God:
Gold:   55         SH:  0    Dex: 14    Spells: 5/5 levels left

rFire    . . .     SeeInvis .   i - +1 dagger (venom)
rCold    . . .     Faith    .   (no shield)
rNeg     . . .     Spirit   .   q - +0 chain mail
rPois    .         Reflect  .   (no helmet)
rElec    .         Harm     .   (no cloak)
rCorr    .         Rampage  .   e - +0 pair of gloves
Will     .....                  o - +0 pair of boots
Stlth    ..........             (no amulet)
HPRegen  0.12/turn              (no ring)
MPRegen  0.09/turn              (no ring)

@: no status effects
A: fangs 1, strong nose, distributed training
a: no special abilities


You were on level 2 of the Dungeon.
You visited 1 branch of the dungeon, and saw 3 of its levels.

You collected 55 gold pieces.

Inventory:

Hand Weapons
 a - a +0 short sword
 d - a +0 dagger
 i - a +1 dagger of venom (weapon)
 l - a +0 falchion
 p - a +0 long sword
Missiles
 f - 78 stones (quivered)
 j - 34 arrows
Armour
 b - a +2 leather armour
 e - a +0 pair of gloves (worn)
 h - a +0 scale mail
 o - a +0 pair of boots (worn)
 q - a +0 chain mail (worn)
Scrolls
 c - 3 scrolls of teleportation
 n - a scroll of magic mapping
Potions
 g - a potion of mutation {unknown}
 k - a potion of cancellation {unknown}
 m - 2 potions of curing


   Skills:
 + Level 4.6 Fighting
 + Level 4.6 Short Blades
 + Level 1.0 Long Blades
 + Level 1.0 Axes
 + Level 1.0 Maces & Flails
 + Level 1.0 Polearms
 + Level 1.0 Staves
 + Level 1.0 Slings
 + Level 1.0 Bows
 + Level 1.0 Crossbows
 + Level 2.7 Throwing
 + Level 1.0 Armour
 + Level 4.6 Dodging
 + Level 6.0 Stealth
 + Level 1.0 Shields
 + Level 1.0 Unarmed Combat
 + Level 1.0 Spellcasting
 + Level 0.7 Conjurations
 + Level 0.7 Hexes
 + Level 0.7 Summonings
 + Level 0.7 Necromancy
 + Level 0.7 Translocations
 + Level 0.7 Transmutations
 + Level 0.7 Fire Magic
 + Level 0.7 Ice Magic
 + Level 0.7 Air Magic
 + Level 0.7 Earth Magic
 + Level 0.7 Poison Magic
 + Level 1.1 Invocations
 + Level 1.0 Evocations


You had 5 spell levels left.
You didn't know any spells.
Your spell library contained the following spells:

 Spells                   Type           Power      Damage    Failure   Level
 Sandblast                Erth           4%         2d4       100%        1
 Passwall                 Tmut/Erth      1%         N/A       100%        2
 Lee's Rapid Deconstruct  Erth           1%         3d5*      100%        5


Dungeon Overview and Level Annotations

Branches:
Dungeon (3/15)

Altars:
Kikubaaqudgha


Innate Abilities, Weirdness & Mutations

You have very sharp teeth.
Your uncanny sense of smell can sniff out nearby items.
Your experience applies equally to all skills.


Message History

There is a stone staircase leading up here.
There are monsters nearby!
As you read the scroll of summoning, it crumbles to dust.
Wisps of shadow whirl around you...
Throw: 80 stones
Press: ? - help, Q - select action Shift-Dir - straight line, f - ogre
Aim: an ogre, wielding a +0 giant spiked club (ally target, 75% to hit)
Okay, then.
Unknown command.
Hit: i) +1 dagger (venom)
Press: ? - help, Dir - move target, f - you
Okay, then.
You don't know any spells.
Throw: 80 stones
Press: ? - help, Q - select action Shift-Dir - straight line, f - ogre
Aim: an ogre, wielding a +0 giant spiked club (ally target, 76% to hit)
You throw a stone. The stone hits the ogre.
The ogre is lightly wounded.
Throw: 79 stones
Press: ? - help, Q - select action Shift-Dir - straight line, f/p - ogre
Aim: an ogre, wielding a +0 giant spiked club (lightly wounded, ally target, 75% to hit)
You throw a stone. The stone hits the ogre.
The ogre is lightly wounded.
Your dart slug bites the ogre.
Your kobold hits the giant cockroach but does no damage.
The ogre hits you with a +0 giant spiked club!!
Ouch! That really hurt!
* * * LOW HITPOINT WARNING * * *
The giant cockroach barely misses you.
Your dart slug launches a dart at the ogre.
The slug dart hits the ogre.
Your kobold hits the giant cockroach with a +0 dagger.
You climb upwards.
Your summoned allies are left behind.
There is a stone staircase leading down here.
Okay, then.
The giant cockroach bites you.
* * * LOW HITPOINT WARNING * * *
The ogre hits you with a +0 giant spiked club!!
Ouch! That really hurt!
You die...

#....#.#####.###.#####.#
#..... ######.# #..##.#
#.#####.#### # #....# ###.##.#
#..........# # #....# #......#
#######....# # #....#
#.##.#.################ #
#....# #.#.....[.............†
# #....#
#.#.#..################ #
#....# #.#.#BO# #
#....####)#.##@# #
#.......#.#.#### #
#....##.#.#.# ##...##.#.#.#
#...##.#.#.###################
#...##.#.#...............†....
#...##.#.#####################
#...##.#.....................<
#...##..........†############.


You could see an ogre and a giant cockroach.

Vanquished Creatures
  An adder (D:2)
  A worm (D:2)
  2 dart slugs
  4 bats
  2 endoplasms (D:1)
  3 giant cockroaches (D:1)
  2 goblins (D:2)
  7 hobgoblins
  2 jackals (D:1)
  2 quokkas (D:1)
  6 ball pythons
  3 frilled lizards
  4 kobolds
  4 rats
43 creatures vanquished.

Notes
Turn   | Place    | Note
-------+----------+-------------------------------------------
     0 | D:1      | chaosape the Gnoll Wanderer began the quest for the Orb.
     0 | D:1      | chaosape set off with the following items: a +0 short
                  | sword, a +2 leather armour, a scroll of teleportation, a +0
                  | dagger
     0 | D:1      | Reached XP level 1. HP: 20/20 MP: 1/1
   164 | D:1      | Reached XP level 2. HP: 26/26 MP: 2/2
   700 | D:1      | Reached XP level 3. HP: 26/31 MP: 3/3
   739 | D:1      | Reached skill level 6 in Stealth
  1170 | D:2      | Reached skill level 1 in Invocations
  1235 | D:2      | Found an ancient bone altar of Kikubaaqudgha.
  1299 | D:2      | Reached skill level 1 in Long Blades
  1299 | D:2      | Reached skill level 1 in Axes
  1299 | D:2      | Reached skill level 1 in Maces & Flails
  1299 | D:2      | Reached skill level 1 in Polearms
  1299 | D:2      | Reached skill level 1 in Staves
  1299 | D:2      | Reached skill level 1 in Slings
  1299 | D:2      | Reached skill level 1 in Bows
  1299 | D:2      | Reached skill level 1 in Crossbows
  1299 | D:2      | Reached skill level 1 in Armour
  1299 | D:2      | Reached skill level 1 in Shields
  1299 | D:2      | Reached skill level 1 in Unarmed Combat
  1299 | D:2      | Reached skill level 1 in Spellcasting
  1299 | D:2      | Reached skill level 1 in Evocations
  1340 | D:2      | Reached XP level 4. HP: 30/38 MP: 5/5
  1742 | D:3      | Noticed an ogre
  1748 | D:2      | Demolished by an ogre

Illustrated notes

Levels and vault maps discovered:
D:1:      psy_arrival_terrarium, layout_rooms
D:2:      layout_basic, basic_altar
D:3:      layout_rooms, nicolae_overflow_crystal_walls, minitemple

Skill      XL: |  1  2  3 |
---------------+----------+-----
Stealth        | 6 |  6.0
Invocations    | 1 |  1.1
Long Blades    | 1 |  1.0
Axes           | 1 |  1.0
Maces & Flails | 1 |  1.0
Polearms       | 1 |  1.0
Staves         | 1 |  1.0
Slings         | 1 |  1.0
Bows           | 1 |  1.0
Crossbows      | 1 |  1.0
Armour         | 1 |  1.0
Shields        | 1 |  1.0
Unarmed Combat | 1 |  1.0
Spellcasting   | 1 |  1.0
Evocations     | 1 |  1.0
Fighting       | |  4.6
Short Blades   | |  4.6
Throwing       | |  2.7
Dodging        | |  4.6
Conjurations   | |  0.7
Hexes          | |  0.7
Summonings     | |  0.7
Necromancy     | |  0.7
Translocations | |  0.7
Transmutations | |  0.7
Fire Magic     | |  0.7
Ice Magic      | |  0.7
Air Magic      | |  0.7
Earth Magic    | |  0.7
Poison Magic   | |  0.7

Action                   |  1- 3 |  4- 6 || total
-------------------------+-------+-------++-------
Melee: Short sword       |    54 |       ||    54
       Bite              |     9 |       ||     9
       Dagger            |    67 |    10 ||    77
Throw: Stone             |       |     2 ||     2
  Use: Scroll            |     1 |     3 ||     4
 Stab: Sleeping          |     2 |       ||     2
Armor: Leather armour    |    14 |       ||    14
       Scale mail        |    33 |    12 ||    45
       Skin              |     1 |       ||     1
Dodge: Dodged            |    59 |     4 ||    63
